 Dungeon Crawl Stone Soup version 0.28.0-53-g5a82cb258f (webtiles) character file.

Game seed: 1706135707932406985

196 SanguineChosen the Chopper (level 5, 0/47 HPs)
             Began as a Minotaur Berserker on July 29, 2022.
             Was a Believer of Trog.
             Killed by nerve-wracking pain
             ... invoked by Grinder
              (11 damage)
             ... on level 2 of the Dungeon.
             The game lasted 00:09:08 (2513 turns).

SanguineChosen the Chopper (Minotaur Berserker)     Turns: 2513, Time: 00:09:09

Health: 0/47       AC:  3    Str: 24    XL:     5   Next: 46%
Magic:  4/4        EV: 12    Int:  4    God:    Trog [**....]
Gold:   30         SH:  0    Dex:  9    Spells: 4/4 levels left

rFire   . . .      SeeInvis .   a - +0 hand axe
rCold   . . .      Faith    .   (no shield)
rNeg    . . .      Spirit   .   b - +0 animal skin
rPois   .          Reflect  .   (helmet restricted)
rElec   .          Harm     .   j - +0 cloak
rCorr   .          Rampage  .   (no gloves)
Will    .....                   (no boots)
Stlth   +.........              (no amulet)
HPRegen 0.15/turn               (no ring)
MPRegen 0.09/turn               (no ring)

@: no status effects
A: horns 2, retaliatory headbutt
a: Renounce Religion, Berserk, Trog's Hand


You were on level 2 of the Dungeon.
You worshipped Trog.
Trog was pleased with you.
You visited 1 branch of the dungeon, and saw 3 of its levels.

You collected 50 gold pieces.
You spent 20 gold pieces at shops.

Inventory:

Hand Weapons
 a - a +0 hand axe (weapon)
Armour
 b - a +0 animal skin (worn)
 j - a +0 cloak (worn)
Jewellery
 e - a ring of ice
Scrolls
 f - a scroll of enchant armour
Potions
 g - a potion of ambrosia {unknown}


   Skills:
 + Level 4.8 Fighting
 + Level 6.0 Axes
 + Level 2.6 Armour
 + Level 3.2 Dodging
 + Level 0.4 Stealth


You had 4 spell levels left.
You didn't know any spells.
Your spell library was empty.

Dungeon Overview and Level Annotations

Branches:
Dungeon (3/15)

Altars:

Shops:
D:2 *

Annotations:
D:2 Grinder


Innate Abilities, Weirdness & Mutations

You have a pair of horns on your head.
You reflexively headbutt those who attack you in melee.


Message History

Grinder hits you.
* * * LOW HITPOINT WARNING * * *
You writhe in agony.
* * * LOW HITPOINT WARNING * * *
You fade into invisibility!
Grinder hits you but does no damage.
As you read the scroll of teleportation, it crumbles to dust.
You feel strangely unstable. Grinder gestures at you.
You suddenly lose the ability to move!
Grinder hits you but does no damage. Grinder hits you.
* * * LOW HITPOINT WARNING * * *
You writhe in agony.
* * * LOW HITPOINT WARNING * * *
You can move again.
Your surroundings suddenly seem different.
You start resting.
Grinder is nearby!
Grinder shouts!
You flicker for a moment.
Grinder shouts!
You flicker back into view.
You start resting.
Grinder is nearby!
You hit Grinder.
Grinder is heavily wounded.
Grinder barely misses you.
You slash Grinder!
Grinder is severely wounded.
Grinder barely misses you.
You hit Grinder but do no damage. You headbutt Grinder.
Grinder is severely wounded.
Grinder gestures at you.
You barely resist. You barely miss Grinder.
Grinder is severely wounded.
Grinder gestures at you. Pain shoots through your body!
You die...

....###......##..####..###.#..##.
....###.......#..##.....#.......#
....##..............#............
....##...........#...........))..
....##..................##.......
######.........#.................
#....5(.....................
##.......##5........#.......
#.........#@........#.......
#.........#.........#.......
#.........#.........########
#......:..#.........#
#.>..5....#.........#
##.......##.......<.#
##.....###.........# #######
##.......## ##.....##


You could see Grinder.

Vanquished Creatures
  A bullfrog (D:3)
  4 gnolls (D:2)
  3 adders
  3 worms (D:2)
  An orc (D:3)
  9 ball pythons
  7 bats
  An endoplasm (D:1)
  3 giant cockroaches
  7 goblins
  3 hobgoblins
  4 jackals (D:1)
  6 kobolds
  2 quokkas
  3 frilled lizards
  7 rats
64 creatures vanquished.

Vanquished Creatures (others)
  7 plants (D:1)
7 creatures vanquished.

Grand Total: 71 creatures vanquished

Notes
Turn   | Place    | Note
-------+----------+-------------------------------------------
     0 | D:1      | SanguineChosen the Minotaur Berserker began the quest for
                  | the Orb.
     0 | D:1      | Reached XP level 1. HP: 19/19 MP: 0/0
   119 | D:1      | Reached XP level 2. HP: 25/27 MP: 1/1
   120 | D:1      | Reached skill level 4 in Axes
   664 | D:1      | Reached ** piety under Trog
   666 | D:1      | Reached XP level 3. HP: 33/33 MP: 2/2
  1201 | D:2      | Reached skill level 5 in Axes
  1201 | D:2      | Reached XP level 4. HP: 37/41 MP: 3/3
  1591 | D:2      | Found Ruseomut's General Store.
  1594 | D:2      | Bought a scroll of identify for 20 gold pieces
  2042 | D:3      | Noticed a bullfrog
  2051 | D:3      | Killed a bullfrog
  2052 | D:3      | Reached XP level 5. HP: 44/47 MP: 4/4
  2231 | D:3      | Reached skill level 6 in Axes
  2380 | D:3      | Noticed Grinder
  2465 | D:2      | Paralysed by Grinder for 3 turns
  2513 | D:2      | Killed from afar by Grinder

Illustrated notes

Levels and vault maps discovered:
D:1:      tarquinn_simple_flora_water_c, layout_rooms,
          hangedman_abyss_or_decor_lesser_grid, roderic_st_hans_cross,
          serial_park_tiny_pond, minmay_misc_feat_doors, serial_bayou_ford_a
D:2:      layout_rooms, serial_shops, nicolae_shop_behind_doors,
          amcnicky_mini_rare_corridor_liquid, kennysheep_generic_room_3
D:3:      layout_basic, grunt_temple_overflow_order_and_chaos_2,
          gammafunk_ghost_icy, uniq_grinder

Skill      XL: |  1  2  3  4  5 |
---------------+----------------+-----
Fighting       | 4 |  4.8
Axes           | 4 5 6 |  6.0
Dodging        | 3 |  3.2
Armour         | |  2.6
Stealth        | |  0.4

Action                   |  1- 3 |  4- 6 || total
-------------------------+-------+-------++-------
Melee: Hand axe          |    88 |    73 ||   161
       Headbutt          |    18 |    12 ||    30
       Punch             |       |     2 ||     2
  Use: Scroll            |       |     6 ||     6
       Potion            |       |     3 ||     3
Armor: Animal skin       |    16 |    11 ||    27
Dodge: Dodged            |    52 |    29 ||    81
